[Event "*** Titled Tuesday Blitz"]
[Site "Chess.com"]
[Date "2021.03.30"]
[Round "10"]
[White "Kildepiotr"]
[Black "Tenamu"]
[Result "0-1"]
[WhiteElo "2671"]
[BlackElo "2496"]
[TimeControl "180+1"]
[EndTime "11:57:16 PDT"]
[Termination "Tenamu won by resignation"]

1. Nf3 Nf6 2. g3 d5 3. Bg2 c6 4. O-O Bg4 5. d3 Nbd7 6. Nbd2 e5 7. e4 Bc5 8. h3 Bh5 9. Qe1 dxe4 10. dxe4 O-O 11.
Nh4 a5 12. Nf5 a4 13. g4 Bg6 14. Ng3 b5 15. Qe2 Qe7 16. h4 h6 17. g5 hxg5 18.
hxg5 Nh7 19. Nf3 f6 20. Bh3 fxg5 21. Nf5 Bxf5 22. Bxf5 g6 23. Bh3 g4 24. Bxg4 Ndf6 25. Bh3 Nh5 26. Rd1 Qf6 27. Kg2 Rad8 28. Bh6 g5 29.
Bxf8 Nf4+ 30. Kf1 Nxe2 31. Rxd8 Ng3+ 32. Kg2 Qxd8 33. Bxc5 Nxe4 34. Be3 Nhf6 35. Bf5 g4 36. Nxe5 Qd5 37. Nxg4 Nxf2+ 38. Kxf2 Qxf5+ 39. Ke1 Nxg4 0-1

[Event "*** Titled Tuesday Blitz"]
[Site "Chess.com"]
[Date "2021.03.30"]
[Round "10"]
[White "dpruess"]
[Black "LileKoridze"]
[Result "0-1"]
[WhiteElo "2350"]
[BlackElo "2495"]
[TimeControl "180+1"]
[EndTime "11:57:17 PDT"]
[Termination "LileKoridze won by resignation"]

1. e4 c5 2. Nf3 d6 3. d4 cxd4 4. Nxd4 Nf6 5. Nc3 Nc6 6. Bg5 e6 7. Qd2 a6 8. O-O-O Bd7 9. f3 Be7 10. h4 h6 11. Be3 h5 12. Be2 Qc7 13. g4 hxg4 14. fxg4 O-O-O 15. g5 Nh5 16. Rhf1 Ne5 17. Rf2 Ng3 18. Rg1 Nxe2+ 19. Qxe2 Rxh4 20. Nf3 Nxf3 21. Qxf3 f6 22. gxf6 Bxf6 23. Bg5 Bxg5+ 24. Rxg5 Bc6 25.
Rfg2 Rh1+ 26. Kd2 Qb6 27. b3 Qd4+ 28. Qd3 Qb4 29. Rxg7 Qa3 30. Re7 Qc1+ 31. Ke2 Qf1+ 0-1

[Event "*** Titled Tuesday Blitz"]
[Site "Chess.com"]
[Date "2021.03.30"]
[Round "10"]
[White "Rytenko_V"]
[Black "Bhagya_2312"]
[Result "0-1"]
[WhiteElo "2383"]
[BlackElo "2200"]
[TimeControl "180+1"]
[EndTime "11:57:17 PDT"]
[Termination "Bhagya_2312 won on time"]

1. d4 d5 2. Nc3 c6 3. e4 dxe4 4. Nxe4 Nf6 5. Nxf6+ gxf6 6. c3 Bf5 7. Bd3 Bxd3 8. Qxd3 e6 9. Ne2 Bd6 10. Ng3 f5 11. h4 Nd7 12. Bg5 Qc7 13. O-O-O h6 14. Bd2 Nf6 15. Ne2 O-O-O 16. f3 Rdg8 17. g4 fxg4 18.
fxg4 Nxg4 19. Rdf1 f5 20. h5 Qa5 21. Kb1 Qd5 22. c4 Qg2 23. Rhg1 Qh2 24. Bf4 Bxf4 25. Nxf4 Nf2 26. Rxg8+ Rxg8 27. Qe3 Ne4 28. Nxe6 Nd2+ 29. Ka1 Nxf1 30. Qf3 Qg1 0-1

[Event "*** Titled Tuesday Blitz"]
[Site "Chess.com"]
[Date "2021.03.30"]
[Round "10"]
[White "Bacyanide"]
[Black "bazar-wokzal"]
[Result "0-1"]
[WhiteElo "2437"]
[BlackElo "2572"]
[TimeControl "180+1"]
[EndTime "11:57:18 PDT"]
[Termination "bazar-wokzal won by checkmate"]

1. d4 Nf6 2. Nf3 e6 3. Bf4 c5 4.
e3 d5 5. Nbd2 Nc6 6. c3 Bd6 7. Bg3 O-O 8. Bd3 Qe7 9. dxc5 Bxc5 10. Qe2 e5 11. e4 dxe4 12. Bxe4 Nxe4 13. Nxe4 Bb6 14. O-O-O f5 15. Nd6 e4 16. Bh4 Qe6 17. Ng5 Qxa2 18. g4 h6 19. Ngxe4 fxe4 20. g5 e3 21. gxh6 Qa1+ 22. Kc2 Qa4+ 23. Kc1 Qxh4 24. hxg7 Rxf2 25. Qd3 Be6 26. Qg6 Rf6 27. Qg2 Rd8 28. Rhf1 Ne5 29. Qxb7 Rxd6 30. Rxd6 Rxf1+ 31. Kc2 Qf2+ 32. Rd2 Qxd2# 0-1

[Event "*** Titled Tuesday Blitz"]
[Site "Chess.com"]
[Date "2021.03.30"]
[Round "10"]
[White "The_filthy"]
[Black "InitiatingASC"]
[Result "1-0"]
[WhiteElo "2356"]
[BlackElo "2433"]
[TimeControl "180+1"]
[EndTime "11:57:18 PDT"]
[Termination "The_filthy won by resignation"]

1. e4 e5 2. Nf3 Nf6 3. Nxe5 d6 4. Nf3 Nxe4 5. Nc3 Nxc3 6. dxc3 Be7 7. Bd3 Nc6 8. Be3 Be6 9. h3 Qd7 10. Nd4 Nxd4 11.
cxd4 Bf5 12. O-O O-O 13. d5 Bf6 14. Rb1 Rfe8 15. c4 b6 16. b4 a5 17. a3 axb4 18. axb4 Ra3 19. Bxf5 Qxf5 20. c5 bxc5 21. bxc5 Raxe3 22. fxe3 Qe4 23. Qf3 Qc2 24. cxd6 cxd6 25. Rbc1 Qb3 26. e4 Qb2 27. Qf5 h6 28. Rc8 Qd4+ 29. Kh1 Rxc8 30. Qxc8+ Kh7 31. Qf5+ Kg8 32. h4 Qe5 33.
Qxe5 Bxe5 34. h5 Kf8 35. g4 Ke7 36. Kg2 Bf6 37. Kf3 Be5 38. Rb1 Kf6 39. Rb7 Bd4 40. Rd7 Be5 41. Ke3 Bh2 42. Kd3 Kg5 43.
Rxf7 Be5 44. Rf5+ Kxg4 45. Rxe5 dxe5 46. d6 Kxh5 47. d7 g5 48. d8=Q g4 49. Ke2 1-0

[Event "*** Titled Tuesday Blitz"]
[Site "Chess.com"]
[Date "2021.03.30"]
[Round "10"]
[White "ARMQUEEN"]
[Black "CrushingKings"]
[Result "0-1"]
[WhiteElo "2317"]
[BlackElo "2459"]
[TimeControl "180+1"]
[EndTime "11:57:20 PDT"]
[Termination "CrushingKings won by checkmate"]

1. e4 g6 2. d4 Bg7 3. Nc3 c6 4. f4 d5 5. e5 h5 6. Nf3 Nh6 7. Bd3 Bg4 8. O-O Nf5 9. Be2 e6 10. h3 Bxf3 11. Bxf3 Qb6 12. Ne2 c5 13. c3 Nc6 14. dxc5 Qxc5+ 15. Kh2 g5 16. b4 Qc4 17. b5 Qxb5 18. Rb1 Qxb1 19. c4 g4 20. Bxd5 exd5 21. cxd5 O-O-O 22. Nc3 Qb4 23. Qd3 Nfe7 24. a3 Nxe5 25.
Qc2 Qc4 26. Re1 Nf3+ 27. gxf3 g3+ 28. Kxg3 Qxc3 29. Qa4 Qxe1+ 30. Kg2 Qxc1 31. Qxa7 Qc2+ 32. Kf1 Qc7 33. Qa8+ Qb8 34. Qa4 Nxd5 35. Qc4+ Nc7 36. Qxf7 Rhf8 37. Qxg7 Qa7 38. Qe5 Qxa3 39. Qe2 Rfe8 40.
Qc2 Qxf3+ 41. Kg1 Re1+ 42. Kh2 Rh1# 0-1

[Event "*** Titled Tuesday Blitz"]
[Site "Chess.com"]
[Date "2021.03.30"]
[Round "10"]
[White "The_Machine04"]
[Black "Witik"]
[Result "0-1"]
[WhiteElo "2427"]
[BlackElo "2677"]
[TimeControl "180+1"]
[EndTime "11:57:21 PDT"]
[Termination "Witik won by checkmate"]

1. d4 d5 2. Bf4 Nf6 3. e3 c5 4. c3 Nc6 5. Nd2 Qb6 6. Qb3 c4 7. Qc2 Nh5 8. Bg3 g6 9. e4 e6 10.
Be2 Nxg3 11. hxg3 Bd7 12. e5 Bg7 13. f4 O-O-O 14. b3 cxb3 15. axb3 Kb8 16. Ngf3 f6 17. O-O fxe5 18. fxe5 Nxe5 19. Ng5 h6 20. Nf7 Nxf7 21. Rxf7 Bxd4+ 22. Kh2 Be5 23. Nf3 Bc7 24. Nd4 h5 25. Kh1 h4 26. g4 Qd6 27. Nf3 e5 28.
Nd2 e4 29. Nf1 Rdf8 30. Rxf8+ Rxf8 31. Kg1 h3 32. gxh3 Qc5+ 33. Kh1 Rf2 34. Qd1 Qd6 35. Kg1 Qf4 36. Qe1 Rxf1+ 37. Qxf1 Qh2# 0-1

[Event "*** Titled Tuesday Blitz"]
[Site "Chess.com"]
[Date "2021.03.30"]
[Round "10"]
[White "PowerThinking2650"]
[Black "KNVB"]
[Result "0-1"]
[WhiteElo "2425"]
[BlackElo "2642"]
[TimeControl "180+1"]
[EndTime "11:57:21 PDT"]
[Termination "KNVB won by resignation"]

1. e4 b6 2. d4 Bb7 3. f3 e6 4. Bd3 d5 5. e5 Ba6 6. f4 Bxd3 7.
cxd3 Ne7 8. Nf3 Qd7 9. Nc3 h5 10. Be3 Nf5 11. Bf2 Nc6 12. O-O a6 13. Rc1 Be7 14. Qc2 Nb4 15. Qd2 Nc6 16. a3 a5 17.
Qc2 Na7 18. Nd1 Bd8 19. Ne3 Nxe3 20. Bxe3 Nc8 21. Bf2 Ne7 22. Bh4 Nf5 23. Bxd8 Kxd8 24. Qd2 a4 25. Rc3 Ra7 26. Rfc1 Kc8 27. Rc6 Kb8 28.
Qb4 g6 29. Ng5 Rc8 30. Nh7 Qe7 31. Qxe7 Nxe7 32. R6c3 Nf5 33. Ng5 Nxd4 34. Nxf7 Ne2+ 35. Kf2 Nxc1 36. Rxc1 Rf8 37. Ng5 Rxf4+ 38. Ke3 Rf5 39. Nf3 c5 0-1

[Event "*** Titled Tuesday Blitz"]
[Site "Chess.com"]
[Date "2021.03.30"]
[Round "10"]
[White "Mikhail_Golubev"]
[Black "LionTheLeon_06"]
[Result "1-0"]
[WhiteElo "2564"]
[BlackElo "2672"]
[TimeControl "180+1"]
[EndTime "11:57:22 PDT"]
[Termination "Mikhail_Golubev won by resignation"]

1. e4 c5 2. Nf3 d6 3. d4 cxd4 4. Nxd4 Nf6 5. Nc3 a6 6. Bc4 e6 7.
O-O Nbd7 8. Bxe6 fxe6 9. Nxe6 Qa5 10. Bd2 Kf7 11. Nd5 Qa4 12. b3 Qa3 13. Bb4 Qb2 14. Bc3 Qa3 15. Ng5+ Kg6 16. h4 h5 17. Bb4 Qb2 18.
Nf4+ Kh6 19. Rb1 Qxa2 20. Bc3 Qa3 21. Nfe6 d5 22. exd5 Nb6 23. Qd3 Bxe6 24. dxe6 g6 25. Nf7+ Kg7 26. Nxh8 1-0

[Event "*** Titled Tuesday Blitz"]
[Site "Chess.com"]
[Date "2021.03.30"]
[Round "10"]
[White "DonPreuss"]
[Black "Tacticus_Severus"]
[Result "1-0"]
[WhiteElo "2259"]
[BlackElo "2064"]
[TimeControl "180+1"]
[EndTime "11:57:22 PDT"]
[Termination "DonPreuss won on time"]

1. d4 d5 2. e4 dxe4 3. Nc3 Nf6 4. f3 c6 5. Nxe4 Nxe4 6. fxe4 e5 7. Nf3 Bg4 8. Bc4 Nd7 9. O-O f6 10. c3 Qb6 11.
Kh1 O-O-O 12. d5 Nc5 13. Qe2 cxd5 14. Bxd5 Rxd5 15. exd5 e4 16. b4 exf3 17. Qe8+ Qd8 18. Qxd8+ Kxd8 19. bxc5 fxg2+ 20. Kxg2 Bxc5 21. Re1 Kd7 22.
Be3 Rc8 23. Rac1 Bf5 24. Bxc5 Rxc5 25. c4 h5 26. Rc3 h4 27. Kf3 Kd6 28. Re8 1-0

[Event "*** Titled Tuesday Blitz"]
[Site "Chess.com"]
[Date "2021.03.30"]
[Round "10"]
[White "grandcoach"]
[Black "dhaessel"]
[Result "0-1"]
[WhiteElo "2250"]
[BlackElo "2051"]
[TimeControl "180+1"]
[EndTime "11:57:24 PDT"]
[Termination "dhaessel won on time"]

1. e4 e5 2. Nf3 Nc6 3. d4 exd4 4. c3 dxc3 5. Nxc3 Nf6 6. Bc4 d5 7.
exd5 Na5 8. Qa4+ c6 9. dxc6 Nxc6 10. O-O Be7 11. Rd1 Qc7 12. Nb5 Qb6 13. Be3 Bc5 14.
Bxc5 Qxc5 15. Nc7+ Ke7 16. Nxa8 Bd7 17. Rac1 Rxa8 18. Bxf7 Qb6 19. Ng5 h6 20. Qa3+ Qb4 21. Qe3+ Kf8 22. Bg6 hxg5 23. Rxd7 Nxd7 24. Qh3 Ke7 25.
Qe3+ Kf6 26. Bh7 Nde5 27. h4 gxh4 0-1

[Event "*** Titled Tuesday Blitz"]
[Site "Chess.com"]
[Date "2021.03.30"]
[Round "10"]
[White "Sweafty"]
[Black "c63_amg"]
[Result "1-0"]
[WhiteElo "2579"]
[BlackElo "2696"]
[TimeControl "180+1"]
[EndTime "11:57:25 PDT"]
[Termination "Sweafty won on time"]

1. Nf3 Nf6 2. c4 e6 3. g3 d5 4. Bg2 Be7 5. O-O O-O 6. b3 b6 7. Bb2 Bb7 8. e3 Nbd7 9. Nc3 c5 10. Qe2 Rc8 11. Rad1 Qc7 12. d3 Rfe8 13. h3 Qb8 14. g4 h6 15. Ne1 d4 16. exd4 cxd4 17. Ne4 Nxe4 18. Bxe4 Bxe4 19. Qxe4 Nc5 20. Qe2 e5 21. f3 Bg5 22. Ng2 Ne6 23. Bc1 Bxc1 24. Rxc1 f5 25. gxf5 Nf4 26. Qe4 Nxh3+ 27. Kh1 Ng5 28.
Qd5+ Kh7 29. f4 Rcd8 30. Qc6 Rd6 31. Qb5 exf4 32. Nxf4 Re3 33. c5 Rd5 34. Qc6 Rxf5 35. Qg6+ Kh8 36. Qxf5 Qb7+ 37. Nd5 Qc6 38. cxb6 1-0

[Event "*** Titled Tuesday Blitz"]
[Site "Chess.com"]
[Date "2021.03.30"]
[Round "10"]
[White "bsnsun"]
[Black "ajdemipopushi"]
[Result "1-0"]
[WhiteElo "2477"]
[BlackElo "2355"]
[TimeControl "180+1"]
[EndTime "11:57:26 PDT"]
[Termination "bsnsun won on time"]

1. d4 Nf6 2. c4 c5 3. d5 b5 4. cxb5 a6 5. bxa6 Bxa6 6. Nf3 g6 7. g3 d6 8. Bg2 Bg7 9. O-O Nbd7 10. Nc3 Nb6 11. Qc2 Bc4 12. b3 Bxd5 13. Nxd5 Nfxd5 14. Bb2 Nb4 15. Qc1 O-O 16. Bxg7 Kxg7 17. Qb2+ Kg8 18.
Rfd1 Ra7 19. a3 Nc6 20. h4 h5 21. Ng5 Ne5 22. Ne4 Nbd7 23. Ng5 Qb6 24. b4 Rb8 25. Rab1 cxb4 26. axb4 Ng4 27. e3 Ra4 28. Qb3 Nde5 29. Qxa4 Nxf2 30. Rd4 Nfg4 31. Qb3 e6 32. Rf1 d5 33.
Kh1 Rc8 34. b5 Nc4 35. Nxf7 Ncxe3 36. Qd3 Kg7 37. Ne5 Nxf1 38. Qxg6+ Kf8 39. Rf4+ Ke7 40. Qg7+ Kd6 41. Nf7+ 1-0

[Event "*** Titled Tuesday Blitz"]
[Site "Chess.com"]
[Date "2021.03.30"]
[Round "10"]
[White "geordie_derraugh"]
[Black "Bishops83"]
[Result "1-0"]
[WhiteElo "2439"]
[BlackElo "2242"]
[TimeControl "180+1"]
[EndTime "11:57:27 PDT"]
[Termination "geordie_derraugh won on time"]

1. e4 c5 2. c3 g6 3. d4 cxd4 4.
cxd4 d5 5. e5 Bg7 6. Nf3 Bg4 7.
Be2 Nc6 8. O-O Nh6 9. Nc3 Nf5 10. Be3 O-O 11. Qa4 e6 12. Rac1 f6 13. exf6 Qxf6 14.
Rfd1 Bxf3 15. Bxf3 Ncxd4 16. Bg4 Nc6 17. Bc5 Rfe8 18.
Qb5 Rab8 19. h3 a6 20. Qb6 Ne5 21. Be2 Nd7 22. Qb4 Nxc5 23. Qxc5 Rbc8 24. Qb6 Qf7 25. Bf3 Bxc3 26. bxc3 Rc6 27. Qb3 Rec8 28. Rxd5 Nh4 29. Rd3 Nxf3+ 30. Rxf3 Qe7 31. Re1 Kg7 32. Rfe3 Rd8 33. Rxe6 Rxe6 34. Rxe6 Qc7 35. c4 b5 36. Qc3+ Kg8 37. g3 bxc4 38. Rxa6 Rd1+ 39. Kh2 Qb7 40. Qxc4+ Kh8 41. Rc6 Rd8 42. Rc7 1-0

[Event "*** Titled Tuesday Blitz"]
[Site "Chess.com"]
[Date "2021.03.30"]
[Round "10"]
[White "volunteers1998"]
[Black "Raud100"]
[Result "1/2-1/2"]
[WhiteElo "2210"]
[BlackElo "2392"]
[TimeControl "180+1"]
[EndTime "11:57:28 PDT"]
[Termination "Game drawn by agreement"]

1. e4 d6 2. d4 Nf6 3. Nc3 g6 4. f4 Bg7 5. Nf3 c5 6. Bb5+ Bd7 7. Bxd7+ Qxd7 8. dxc5 dxc5 9. Qxd7+ Nfxd7 10. e5 Nc6 11. Be3 f6 12. exf6 exf6 13. O-O-O O-O-O 14. Rhe1 Rhe8 15. Bf2 a6 16. Rxe8 Rxe8 17. Re1 Rxe1+ 18. Bxe1 b5 19. Ne4 Kc7 20. Bf2 Bf8 21. c3 c4 22. Kd2 Be7 23. g3 f5 24. Neg5 Nf6 25.
Ne6+ Kd6 26. Ned4 Ne4+ 27. Ke2 Nxd4+ 28. Nxd4 Kd5 29. Nc2 h5 30. Bd4 h4 31. Kf3 a5 32.
Ne3+ Ke6 33. a4 hxg3 34. hxg3 bxa4 35. Nxc4 a3 36. bxa3 a4 37. Nb6 Bxa3 38. Nxa4 Kd5 39. Nb6+ Kc6 1/2-1/2

[Event "*** Titled Tuesday Blitz"]
[Site "Chess.com"]
[Date "2021.03.30"]
[Round "10"]
[White "Larciano"]
[Black "Susik_Gaboyan"]
[Result "0-1"]
[WhiteElo "1941"]
[BlackElo "2254"]
[TimeControl "180+1"]
[EndTime "11:57:29 PDT"]
[Termination "Susik_Gaboyan won by checkmate"]

1. e4 c5 2. c3 d5 3. exd5 Qxd5 4.
d4 Nc6 5. Nf3 cxd4 6. cxd4 e5 7.
Nc3 Bb4 8. Bd2 Bxc3 9. Bxc3 e4 10. Ne5 Nxe5 11. dxe5 Ne7 12. Qe2 O-O 13. Rd1 Qc6 14. Rd6 Qa4 15. a3 Bf5 16. Qb5 Qc2 17. Rd2 Qc1+ 18. Rd1 Qg5 19. h4 Qf4 20. Be2 e3 21. fxe3 Qxe3 22. Bd4 Qg3+ 23. Bf2 Qxg2 24. Rg1 Qe4 25. Kf1 Ng6 26. h5 Nf4 27. h6 g6 28.
Rd2 Rac8 29. Bg3 Rc1+ 30. Kf2 Rxg1 31. Kxg1 Qg2# 0-1

[Event "*** Titled Tuesday Blitz"]
[Site "Chess.com"]
[Date "2021.03.30"]
[Round "10"]
[White "KroshkaKami"]
[Black "HanSchut"]
[Result "1/2-1/2"]
[WhiteElo "2390"]
[BlackElo "2259"]
[TimeControl "180+1"]
[EndTime "11:57:30 PDT"]
[Termination "Game drawn by repetition"]

1. e4 c5 2. Nf3 d6 3. d4 cxd4 4.
Nxd4 Nf6 5. Nc3 g6 6. Be2 Bg7 7.
O-O O-O 8. h3 Nc6 9. Be3 d5 10.
Nxc6 bxc6 11. e5 Ne4 12. Nxe4 dxe4 13. Bd4 Qc7 14. f4 Rd8 15. b4 a5 16. a3 e6 17. c3 c5 18. bxc5 Bf8 19. Qd2 Bxc5 20. Qe3 Bxd4 21. cxd4 Bb7 22. Rfc1 Qd7 23. Rab1 Rab8 24.
Rb6 Bd5 25. Rd6 Qb7 26. Rxd8+ Rxd8 27. Qc3 Kg7 28. Qxa5 Rc8 29. Rc5 Rb8 30. Rb5 Qc8 31.
Rxb8 Qxb8 32. Qb4 Qc7 33. Qc5 Qb7 34. Qb4 Qc7 35. Qc5 Qb7 36. Qb4 Qc7 1/2-1/2

[Event "*** Titled Tuesday Blitz"]
[Site "Chess.com"]
[Date "2021.03.30"]
[Round "10"]
[White "DrVitman"]
[Black "SantoBlue"]
[Result "0-1"]
[WhiteElo "2644"]
[BlackElo "2806"]
[TimeControl "180+1"]
[EndTime "11:57:32 PDT"]
[Termination "SantoBlue won on time"]

1. e4 e5 2. Nf3 Nc6 3. Bc4 Bc5 4. O-O Nf6 5. d4 Bxd4 6. Nxd4 Nxd4 7. Bg5 d6 8. f4 Bg4 9. Bxf6 Bxd1 10. Bxd8 Rxd8 11. c3 Nc2 12. Rxd1 Nxa1 13. Na3 O-O 14. f5 c6 15.
Rxa1 d5 16. exd5 cxd5 17. Bb3 a6 18. Nc2 d4 19. cxd4 exd4 20. Ne1 Rfe8 21. Nd3 Re2 22. Kf1 Rd2 23. Rd1 Rxd1+ 24. Bxd1 Kf8 25. Bf3 b6 26.
Ke2 Ke7 27. Kd2 Kf6 28. g4 Re8 29. Nb4 Kg5 30. Nd5 b5 31. b3 h5 32. h3 h4 33.
Kd3 Re1 34. Kxd4 Rg1 35. Be2 Rh1 36. Nc7 Rxh3 37. Nxa6 Rg3 38. Bxb5 h3 39. Bc6 Kxg4 40. Nc5 h2 41. a4 Rf3 42. Ne4 Kf4 43. Nd2 h1=Q 44.
Nxf3 Qa1+ 45. Kc5 Qc3+ 46. Kd6 Qb4+ 47. Kd7 Kxf5 48. Kc7 g5 49. Kd7 g4 50. Nh4+ Ke5 51. Ng2 Qd6+ 0-1

[Event "*** Titled Tuesday Blitz"]
[Site "Chess.com"]
[Date "2021.03.30"]
[Round "10"]
[White "VD_coach"]
[Black "azikom"]
[Result "0-1"]
[WhiteElo "2482"]
[BlackElo "2687"]
[TimeControl "180+1"]
[EndTime "11:57:32 PDT"]
[Termination "azikom won on time"]

1. Nf3 d5 2. g3 c5 3. Bg2 f6 4.
O-O e5 5. d3 Nc6 6. b3 Be6 7.
a3 Qd7 8. c4 Nge7 9. Nc3 d4 10.
Ne4 Ng6 11. b4 cxb4 12. axb4 Bxb4 13. Ba3 Bxa3 14. Rxa3 Qe7 15. Qa1 O-O 16. Rb1 Rab8 17. c5 Bd5 18. Nfd2 Rfd8 19. Nd6 Bxg2 20. Qa2+ Kf8 21. Kxg2 Nh8 22. N2c4 Nf7 23. Rab3 Nxd6 24. Nxd6 b6 25. Qa4 bxc5 26. Qxc6 Rxb3 27. Nf5 Qf7 28. Qxc5+ Kg8 29. Rxb3 Qxb3 30. Qe7 Qd5+ 31. f3 Qd7 32. Qc5 Qxf5 0-1

[Event "*** Titled Tuesday Blitz"]
[Site "Chess.com"]
[Date "2021.03.30"]
[Round "10"]
[White "steka121"]
[Black "Ranindu2003"]
[Result "0-1"]
[WhiteElo "2418"]
[BlackElo "2611"]
[TimeControl "180+1"]
[EndTime "11:57:34 PDT"]
[Termination "Ranindu2003 won by resignation"]

1. e4 c5 2. b3 g6 3. Bb2 Nf6 4. e5 Nd5 5. Qf3 Nc7 6. h4 Bg7 7. h5 Nc6 8. hxg6 hxg6 9. Rxh8+ Bxh8 10. e6 Bf6 11. exf7+ Kxf7 12. Ne2 Kg7 13. Bxf6+ exf6 14. Nbc3 d5 15. O-O-O Bf5 16. g4 Be6 17. d4 Qd7 18. g5 fxg5 19. dxc5 Rf8 20. Qg3 Qf7 21. Kb1 Na6 22.
Bh3 Bxh3 23. Qxh3 Qf5 24. Qh2 Qxf2 25. Qd6 Rd8 26. Qe6 Nxc5 27. Qh3 d4 28. Rf1 g4 29.
Qh1 Qe3 30. Ne4 Nxe4 0-1

[Event "*** Titled Tuesday Blitz"]
[Site "Chess.com"]
[Date "2021.03.30"]
[Round "10"]
[White "slowdgehammer"]
[Black "NiranjanNavalgund"]
[Result "0-1"]
[WhiteElo "2361"]
[BlackElo "2496"]
[TimeControl "180+1"]
[EndTime "11:57:34 PDT"]
[Termination "NiranjanNavalgund won on time"]

1. e4 e5 2. Nf3 Nc6 3. Bc4 Nf6 4.
Ng5 d5 5. exd5 Na5 6. Bb5+ c6 7. dxc6 bxc6 8. Bd3 Nd5 9. Nf3 Bd6 10. O-O Nf4 11. Re1 Nxd3 12. cxd3 O-O 13. Nxe5 c5 14. d4 cxd4 15. d3 Re8 16. Nf3 Bg4 17. Nbd2 Qc7 18. h3 Bh5 19. Ne4 Bf4 20. g4 Bg6 21. Qa4 Bxe4 22. Rxe4 Rxe4 23. dxe4 Bxc1 24. Nxd4 Bxb2 25. Rb1 Bxd4 26. Qxd4 h6 27. Rb5 Rd8 28. Qb4 Nc6 29.
Qc5 Qd6 30. Qe3 Nd4 31. Rd5 Qf6 32. e5 Qb6 33. Qe4 Rxd5 34. Qxd5 Ne2+ 35. Kf1 Nf4 36. Qa8+ Kh7 37. Qe4+ Ng6 38. h4 Qb5+ 39. Kg1 Qxe5 40. Qd3 Qe1+ 41. Kg2 Qe6 42. f3 f5 43. gxf5 Nxh4+ 0-1

[Event "*** Titled Tuesday Blitz"]
[Site "Chess.com"]
[Date "2021.03.30"]
[Round "10"]
[White "AlexSuv"]
[Black "Perecke"]
[Result "1-0"]
[WhiteElo "2531"]
[BlackElo "2295"]
[TimeControl "180+1"]
[EndTime "11:57:34 PDT"]
[Termination "AlexSuv won by resignation"]

1. d4 d5 2. c4 e6 3. Nc3 Nf6 4. cxd5 exd5 5. Bg5 Be7 6. e3 O-O 7. Bd3 Re8 8. Nf3 c6 9. O-O Nbd7 10. Qc2 Ne4 11. Bf4 Ne5 12. Nxe5 f5 13. f3 Nd6 14. Rad1 Bf6 15. e4 dxe4 16. fxe4 Nf7 17. Nxf7 Qxd4+ 18. Kh1 Kxf7 19. exf5 Kg8 20. Ne4 Qxb2 21.
Nxf6+ Qxf6 22. Rfe1 Bd7 23. Qb3+ Kh8 24. Qxb7 Bxf5 25. Bxf5 Qxf5 26. Bg3 Rad8 27. Rxe8+ Rxe8 28. Qxc6 Rf8 29. h3 h5 30. Qd5 Qg6 31. Bh4 Kh7 32.
Qg5 Qf7 33. Rd5 Kg8 34. Qxh5 Qf1+ 35. Kh2 Qf4+ 36. Bg3 Qe4 37. Qe5 Qg6 38. Rd6 Qc2 39. Qe6+ Kh8 40. Rd4 g6 41. Be5+ 1-0

[Event "*** Titled Tuesday Blitz"]
[Site "Chess.com"]
[Date "2021.03.30"]
[Round "10"]
[White "MuhittinBuker"]
[Black "andy_rekt"]
[Result "0-1"]
[WhiteElo "2200"]
[BlackElo "2294"]
[TimeControl "180+1"]
[EndTime "11:57:36 PDT"]
[Termination "andy_rekt won by resignation"]

1. d4 f5 2. c4 Nf6 3. Nc3 g6 4. Nf3 Bg7 5. g3 d6 6. Bg2 O-O 7. O-O Nc6 8. d5 Ne5 9. Nd2 c5 10. b3 g5 11. Bb2 h6 12. Qc2 a6 13. e4 f4 14. f3 Rb8 15. a4 Bd7 16. Ne2 Nh5 17.
gxf4 Nxf4 18. Nxf4 Rxf4 19. Rf2 Qf8 20. Raf1 b5 21.
axb5 axb5 22. Bc1 Ng6 23. cxb5 Bd4 24. Nc4 Rh4 25. b6 Nf4 26. Kh1 Bxf2 27. Qxf2 Nxg2 28. Qxg2 Bh3 29. Qf2 Bxf1 30. Qxf1 Rxe4 31. Qd1 Rd4 32.
Qe2 Rxd5 33. Bb2 Qf5 34. Kg2 Rf8 35. b7 Qd3 36. Qxd3 Rxd3 37. Na5 Rb8 38. Bc1 Kf7 39. Kf2 Ke6 40. Ke2 Rd5 41. Be3 Rf5 42. h3 c4 43.
b4 c3 44. Ba7 Rxa5 45. bxa5 Rxb7 46. Bd4 Rc7 47. Kd1 Kd5 48. Be3 Kc4 49. Kc2 Rc8 50. a6 Ra8 51. a7 d5 52. Bf2 d4 0-1

[Event "*** Titled Tuesday Blitz"]
[Site "Chess.com"]
[Date "2021.03.30"]
[Round "10"]
[White "lukazz029"]
[Black "OlifantCZ"]
[Result "1-0"]
[WhiteElo "2181"]
[BlackElo "2275"]
[TimeControl "180+1"]
[EndTime "11:57:36 PDT"]
[Termination "lukazz029 won on time"]

1. e4 e6 2. d4 d5 3. Nc3 Bb4 4.
e5 c5 5. a3 Bxc3+ 6. bxc3 Qa5 7. Qg4 g6 8. Bd2 Qa4 9. Ra2 Bd7 10. h4 h5 11. Qf4 c4 12. Nf3 Nc6 13. Ng5 Nd8 14. g3 Qb5 15. Ra1 Qb2 16. Rc1 Qxa3 17. Bh3 Qe7 18. O-O Nh6 19. Rb1 b5 20. Bc1 Bc6 21. Ra1 b4 22. cxb4 Bb5 23. c3 Nf5 24. Bxf5 gxf5 25. Ra5 a6 26. Bd2 Nc6 27. Ra2 Kd7 28.
Rfa1 Rag8 29. Kh2 Kc7 30. Qf3 Kb7 31. Nh3 Rg6 32. Nf4 Rgh6 33. Ne2 R6h7 34. Bg5 Qd7 35. Ng1 Rg8 36. Nh3 Ne7 37. Nf4 Ng6 38. Nxh5 Qc7 39.
Nf6 Rgh8 40. Nxh7 Rxh7 41. Kg2 Qd7 42. Rh1 Qe8 43. h5 Nf8 44. Bf6 Qd7 45. Qf4 Qe8 46. Qg5 Qd7 47. Qg8 Qe8 48. Bg7 f6 49. Qxf8 1-0

[Event "*** Titled Tuesday Blitz"]
[Site "Chess.com"]
[Date "2021.03.30"]
[Round "10"]
[White "bolence16"]
[Black "tusplingher"]
[Result "1/2-1/2"]
[WhiteElo "2437"]
[BlackElo "2310"]
[TimeControl "180+1"]
[EndTime "11:57:38 PDT"]
[Termination "Game drawn by repetition"]

1. e4 c5 2. Nc3 Nc6 3. f4 g6 4.
Nf3 Bg7 5. Bb5 Nd4 6. O-O Nxb5 7. Nxb5 d6 8. e5 a6 9. Nc3 d5 10. d4 cxd4 11. Qxd4 e6 12. f5 gxf5 13. Bg5 Ne7 14. Qh4 Qd7 15. Bf6 Ng6 16. Qd4 Bxf6 17. exf6 b5 18.
Rae1 Bb7 19. Kh1 O-O-O 20. a4 Qc6 21. axb5 axb5 22. Ra1 Kc7 23. Qb4 Ba6 24. Rxa6 Qxa6 25. Nxb5+ Kd7 26. Ne5+ Nxe5 27. Qe7+ Kc6 28. Nd4+ Kb6 29.
Qb4+ Kc7 30. Nb5+ Kc6 31. Nd4+ Kc7 32. Nb5+ Kc6 33. Nd4+ Kc7 1/2-1/2

[Event "*** Titled Tuesday Blitz"]
[Site "Chess.com"]
[Date "2021.03.30"]
[Round "10"]
[White "CSB7"]
[Black "Jospem"]
[Result "1-0"]
[WhiteElo "2693"]
[BlackElo "2928"]
[TimeControl "180+1"]
[EndTime "11:57:39 PDT"]
[Termination "CSB7 won by resignation"]

1. e4 e5 2. Nf3 Nc6 3. Bb5 a6 4.
Ba4 Nf6 5. O-O Nxe4 6. d4 Be7 7. Re1 b5 8. Rxe4 d5 9. Nxe5 Nxe5 10. Rxe5 bxa4 11.
b3 O-O 12. Rxe7 Qxe7 13. Ba3 Qg5 14. Bxf8 Bh3 15. Qf1 Kxf8 16. Nc3 a3 17. Re1 c6 18. Re3 Bf5 19. Qe2 h5 20. Nb1 h4 21. h3 Qf6 22.
Qd2 a5 23. Nxa3 Kg8 24. Nb1 a4 25. b4 Qg5 26. Re8+ Rxe8 27. Qxg5 Re1+ 28. Kh2 Bxc2 29.
Qd2 Rxb1 30. Qxc2 Rxb4 31. Qxc6 Rxd4 32. Qe8+ Kh7 33. Qxf7 Rd2 34. Qf5+ Kg8 35. Qc8+ Kh7 36. Qf5+ Kg8 37. a3 d4 38. Qf4 Rd1 39. Qxh4 d3 40.
Qd8+ Kh7 41. Qh4+ Kg8 42. Qxa4 Rd2 43. Qa8+ Kh7 44. Qe4+ Kg8 45. Qd4 Rd1 46. a4 d2 47.
a5 Kh7 48. a6 g5 49. a7 Ra1 50. Qxa1 1-0

[Event "*** Titled Tuesday Blitz"]
[Site "Chess.com"]
[Date "2021.03.30"]
[Round "10"]
[White "Nikolaj_6"]
[Black "Twitch_ElhamBlitz05"]
[Result "0-1"]
[WhiteElo "2655"]
[BlackElo "2861"]
[TimeControl "180+1"]
[EndTime "11:57:39 PDT"]
[Termination "Twitch_ElhamBlitz05 won by resignation"]

1. e4 c6 2. d4 d5 3. exd5 cxd5 4. Bd3 Nf6 5. h3 g6 6. Nf3 Bg7 7. O-O O-O 8. Re1 Nc6 9. c3 Bf5 10. Bf1 Rc8 11. Bf4 a6 12. Nbd2 Na5 13. Ne5 Qb6 14. Nb3 Nc4 15. Qc1 Be6 16. Bxc4 dxc4 17. Nc5 Bd5 18. Ned7 Nxd7 19. Nxd7 Qc6 20. Nxf8 Bxg2 21.
Qe3 Bxf8 22. Qg3 Be4 23. Qh4 Bf5 24. Bh6 Bxh6 25. Qxh6 e6 26. Rad1 Qf3 27. Qe3 Qxh3 28. Qxh3 Bxh3 29. d5 exd5 30. Rxd5 Be6 31. Rd6 h5 32.
Rb6 Rc7 33. f4 Kg7 34. Kf2 Kf6 35. Re5 Rd7 36. Rc5 Kg7 37. b3 cxb3 38. axb3 h4 39. Re5 h3 40. Re1 Rd2+ 41. Kg3 Rg2+ 42. Kf3 Bd5+ 43.
Ke3 h2 0-1